 Dungeon Crawl Stone Soup version 0.28.0-47-ge53b351184 (webtiles) character file.

Game seed: 10406225599590894643

127 GigaChad the Skirmisher (level 4, 0/41 HPs)
             Began as a Minotaur Fighter on May 4, 2022.
             Slain by a phantom (4 damage)
             ... on level 4 of the Dungeon.
             The game lasted 00:06:58 (2647 turns).

GigaChad the Skirmisher (Minotaur Fighter)          Turns: 2647, Time: 00:06:59

Health: 0/41       AC:  7    Str: 21    XL:     4   Next: 85%
Magic:  3/3        EV: 10    Int:  5    God:
Gold:   153        SH:  0    Dex: 17    Spells: 3/3 levels left

rFire   . . .      SeeInvis .   m - +4 quarterstaff (chaos)
rCold   . . .      Faith    .   (shield currently unavailable)
rNeg    . . .      Spirit   .   b - +0 scale mail
rPois   .          Reflect  .   (helmet restricted)
rElec   .          Harm     .   (no cloak)
rCorr   .          Rampage  .   (no gloves)
Will    .....                   (no boots)
Stlth   ..........              (no amulet)
HPRegen 0.13/turn               n - +6 ring of dexterity
MPRegen 0.08/turn               (no ring)

@: no status effects
A: horns 2, retaliatory headbutt
a: no special abilities


You were on level 4 of the Dungeon.
You visited 1 branch of the dungeon, and saw 4 of its levels.

You collected 153 gold pieces.

Inventory:

Hand Weapons
 a - a +0 long sword
 j - a +0 hand crossbow
 m - a +4 quarterstaff of chaos (weapon)
Missiles
 l - 18 bolts
Armour
 b - a +0 scale mail (worn)
 c - a +0 buckler
Jewellery
 e - a +4 ring of evasion
 n - a +6 ring of dexterity (left hand)
Wands
 i - a wand of polymorph (12)
Scrolls
 f - a scroll of amnesia
Potions
 d - a potion of might
 g - a potion of mutation {unknown}
 h - 3 potions of curing {unknown}
 k - a potion of magic {unknown}


   Skills:
 + Level 4.6 Fighting
 + Level 3.4 Long Blades
 + Level 0.6 Staves
 + Level 4.5 Armour
 + Level 1.4 Dodging
 + Level 0.3 Stealth
 + Level 4.2 Shields


You had 3 spell levels left.
You didn't know any spells.
Your spell library contained the following spells:

 Spells                   Type           Power      Damage    Failure   Level
 Tukima's Dance           Hex            0%         N/A       99%         3
 Anguish                  Hex/Necr       0%         N/A       100%        4
 Enfeeble                 Hex            0%         N/A       100%        7


Dungeon Overview and Level Annotations

Branches:
Dungeon (4/15)
 Temple: D:4-7

Altars:


Innate Abilities, Weirdness & Mutations

You have a pair of horns on your head.
You reflexively headbutt those who attack you in melee.


Message History

A phantom comes into view.
A phantom is nearby!
A phantom is nearby!
A phantom is nearby!
You closely miss the phantom. The phantom hits you.
The phantom blinks!
You blink.
The phantom hits you. The phantom misses you.
You thump the phantom!
The phantom is heavily damaged.
The phantom hits you.
The phantom blinks!
You blink.
The phantom hits you. The phantom barely misses you.
You barely miss the phantom.
The phantom is heavily damaged.
The phantom barely misses you.
You barely miss the phantom.
The phantom is heavily damaged.
The phantom hits you.
* * * LOW HITPOINT WARNING * * *
The phantom closely misses you.
You barely miss the phantom.
The phantom is heavily damaged.
The phantom closely misses you. You furiously retaliate!
You headbutt the phantom. You hit the phantom. You burn the phantom.
You headbutt the phantom, but do no damage.
The phantom is severely damaged.
The phantom hits you.
* * * LOW HITPOINT WARNING * * *
The phantom blinks!
You blink.
The phantom hits you.
* * * LOW HITPOINT WARNING * * *
The phantom blinks!
You blink.
You closely miss the phantom.
The phantom is severely damaged.
The phantom hits you but does no damage.
You hit the phantom. You burn the phantom.
The phantom is almost destroyed.
The phantom hits you.
You die...

##### #...# #...# #. ###########
#...# #.. #.##......# #.... #.###
#.##......###########....
#.##.###.##......'..............
.#.###.##.##......#############..
.#.#...........W@.# #######..)..
.......>.......#######....##..###
##.†...........#....>.....'......
...)...#..........####....######<
...#####..........# #........##.
#....#...##+##....########.##.##.
...#.#.#.##....).....# #.##.##.
§§.....#.#######.....# #.......
..######.. #.....# ###'####


You could see a phantom.

Vanquished Creatures
  Crazy Yiuf (D:2)
  A river rat (D:3)
  3 adders
  2 worms
  A dart slug (D:3)
  2 ball pythons (D:3)
  4 bats
  5 endoplasms
  2 giant cockroaches
  7 goblins
  3 hobgoblins
  3 jackals (D:1)
  2 quokkas
  A frilled lizard (D:3)
  5 kobolds
  13 rats
55 creatures vanquished.

Notes
Turn   | Place    | Note
-------+----------+-------------------------------------------
     0 | D:1      | GigaChad the Minotaur Fighter began the quest for the Orb.
     0 | D:1      | Reached XP level 1. HP: 19/19 MP: 0/0
    80 | D:1      | Reached XP level 2. HP: 27/27 MP: 1/1
  1036 | D:2      | Reached XP level 3. HP: 30/33 MP: 2/2
  1401 | D:2      | Found a runed translucent door.
  1402 | D:2      | Noticed Crazy Yiuf
  1521 | D:2      | Killed Crazy Yiuf
  1522 | D:2      | Reached skill level 1 in Dodging
  1522 | D:2      | Reached XP level 4. HP: 37/41 MP: 3/3
  2623 | D:4      | Noticed a phantom
  2647 | D:4      | Slain by a phantom

Illustrated notes

Levels and vault maps discovered:
D:1:      minmay_arrival_four_circles, layout_rooms
D:2:      layout_basic, uniq_crazy_yiuf_cottage
D:3:      layout_basic, portal_sewer_entry_e, minivault_11
D:4:      layout_basic, old_standard_altar, nicolae_ru_the_path_less_chosen,
          dk_noncrumbling_4

Skill      XL: |  1  2  3 |
---------------+----------+-----
Fighting       | 4 |  4.6
Armour         | 4 |  4.5
Shields        | 4 |  4.2
Long Blades    | 3 |  3.4
Dodging        | 1 |  1.4
Staves         | |  0.6
Stealth        | |  0.3

Action                   |  1- 3 |  4- 6 || total
-------------------------+-------+-------++-------
Melee: Long sword        |    60 |       ||    60
       Headbutt          |    10 |     8 ||    18
       Quarterstaff      |       |    37 ||    37
  Use: Scroll            |       |     5 ||     5
Armor: Scale mail        |    50 |    22 ||    72
Dodge: Dodged            |    54 |    29 ||    83
Block: Buckler           |    22 |       ||    22
